 Dungeon Crawl Stone Soup version 0.19.5 (webtiles) character file.

27644 greprep the Unseen (level 13, -7/65 HPs)
             Began as a Spriggan Enchanter on May 9, 2017.
             Was a Priest of Ashenzari.
             Mangled by a sixfirhy (11 damage)
             ... summoned by an orc high priest
             ... on level 1 of the Orcish Mines.
             The game lasted 01:18:09 (22899 turns).

greprep the Unseen (Spriggan Enchanter)            Turns: 22899, Time: 01:18:12

Health: -7/65      AC:  3    Str:  6    XL:     13   Next: 5%
Magic:  5/27       EV: 22    Int: 15    God:    Ashenzari [***...]
Gold:   1244       SH: 11    Dex: 25    Spells: 5 memorised, 17 levels left

rFire  + + .     SeeInvis +     l - +8 dagger (speed) (curse)
rCold  + . .     Gourm    .     d - +1 robe of the Gloaming {Str+2 Int+3} (curse)
rNeg   . . .     Faith    +     E - +2 buckler (curse)
rPois  .         Spirit   .     (helmet restricted)
rElec  .         Reflect  .     (no cloak)
rCorr  .         Harm     .     (gloves unavailable)
MR     ++...                    (boots unavailable)
Stlth  +++++++...               I - amulet "Mioph" {Faith rF++ rC+ Int-5 Dex+4} (curse)
                                (no ring)
                                B - ring of wizardry (curse)

@: drained, very quick
A: unfitting armour, see invisible, herbivore 3, speed 3, slow metabolism 2
a: Curse Item, Scrying, Renounce Religion


You were on level 1 of the Orcish Mines.
You worshipped Ashenzari.
Ashenzari was most pleased with you.
You were hungry.

You visited 3 branches of the dungeon, and saw 14 of its levels.
You also visited: Sewer.

You collected 1244 gold pieces.

Inventory:

Hand Weapons
 l - a cursed +8 dagger of speed (weapon)
Armour
 d - the cursed +1 robe of the Gloaming (worn) {Str+2 Int+3}
   (You found it on level 9 of the Dungeon)

   It affects your strength (+2).
   It affects your intelligence (+3).
   It has a curse placed upon it.
 E - a cursed +2 buckler (worn)
Jewellery
 B - a cursed ring of wizardry (left hand)
 I - the cursed amulet "Mioph" (around neck) {Faith rF++ rC+ Int-5 Dex+4}
   (You took it off an orc wizard on level 10 of the Dungeon)

   [amulet of faith]

   It allows you to gain divine favour quickly.
   It affects your intelligence (-5).
   It affects your dexterity (+4).
   It greatly protects you from fire.
   It protects you from cold.
   It has a curse placed upon it.
 J - an uncursed amulet of regeneration
Wands
 f - a wand of hasting (4/9)
 n - a wand of lightning (1/15)
 o - a wand of paralysis (20/24)
 t - a wand of acid (6/15)
 x - a wand of acid (8/15)
 K - a wand of acid (8/15)
 L - a wand of paralysis (19/24)
 M - a wand of lightning (5/15)
 O - a wand of flame (15/48)
Scrolls
 i - a scroll of silence {unknown}
 m - 6 scrolls of teleportation
 q - 3 scrolls of magic mapping
 r - 2 scrolls of recharging
 u - a scroll of remove curse
 y - a scroll of amnesia
 N - a scroll of fear
Potions
 a - 2 potions of agility
 e - a potion of heal wounds
 g - 3 potions of curing
 h - 2 potions of invisibility
 j - 2 potions of haste
 k - 4 potions of brilliance
 p - 2 potions of flight
 s - 2 potions of resistance
 w - 2 potions of degeneration {unknown}
 z - a potion of might {unknown}
 A - a potion of cancellation {unknown}
 C - 3 potions of magic
 D - 2 potions of lignification
 F - a potion of berserk rage {unknown}
Books
 c - a book of Maledictions

   Spells                             Type                      Level
   a - Corona                         Hexes                        1
   b - Ensorcelled Hibernation        Hexes/Ice                    2
   c - Confuse                        Hexes                        3
   d - Tukima's Dance                 Hexes                        3
   e - Dazzling Spray                 Conjuration/Hexes            3
 v - a book of Cantrips

   Spells                             Type                      Level
   a - Confusing Touch                Hexes                        1
   b - Animate Skeleton               Necromancy                   1
   c - Summon Small Mammal            Summoning                    1
   d - Apportation                    Translocation                1
 G - a book of Callings

   Spells                             Type                      Level
   a - Summon Small Mammal            Summoning                    1
   b - Call Imp                       Summoning                    2
   c - Call Canine Familiar           Summoning                    3
   d - Summon Guardian Golem          Hexes/Summoning              3
   e - Summon Lightning Spire         Summoning/Air                4
   f - Summon Ice Beast               Ice/Summoning                4
Comestibles
 b - 35 fruits
 H - 2 bread rations


   Skills:
 * Level 6.2(5.9) Fighting
 * Level 8.4(10.9) Short Blades
 * Level 6.0(5.7) Armour
 + Level 5.6(5.3) Dodging
 - Level 17.8(17.4) Stealth
 * Level 4.5(6.0) Shields
 + Level 9.3(8.9) Spellcasting
 + Level 9.1(10.6) Hexes
 * Level 1.0(1.9) Summonings
 + Level 4.0(5.4) Ice Magic


You had 17 spell levels left.
You knew the following spells:

 Your Spells              Type           Power        Failure   Level  Hunger
a - Corona                Hex            #####..      1%          1    None
b - Ensorcelled Hibernat  Hex/Ice        ####..       1%          2    None
c - Confuse               Hex            #####...     1%          3    #......
d - Tukima's Dance        Hex            #####...     1%          3    #......
e - Summon Lightning Spi  Summ/Air       #.......     47%         4    ###....


Dungeon Overview and Level Annotations

Branches:
Dungeon (12/15)            Temple (1/1) D:6            Lair (0/6) D:10
    Orc (1/2) D:12

Altars:
Ashenzari
Cheibriados
Dithmenos
Elyvilon
Fedhas
Gozag
Hepliaklqana
Kikubaaqudgha
Makhleb
Nemelex Xobeh
Okawaru
Qazlal
Ru
Sif Muna
Trog
Uskayaw
Vehumet
Xom
Yredelemnul
Zin
The Shining One

Portals:
Trove: D:12 (give 4 scrolls of blinking)

Annotations:
D:3 miragecloak's ghost, amateur MfAK


Innate Abilities, Weirdness & Mutations

You are very small and have problems with some larger weapons.
You are too small for most types of armour.
You have supernaturally acute eyesight. (SInv)
You are a herbivore.
You cover ground extremely quickly.
You need consume almost no food.


Message History

The sixfirhy misses you.
The sixfirhy hits you but does no damage.
Things that are here:
a +0 robe; a +0 dagger
Casting: Ensorcelled Hibernation
Confirm with . or Enter, or press ? or * to list all spells.
Aiming: Confuse
Press: ? - help, Shift-Dir - straight line, f - sixfirhy
Aim: a sixfirhy (summoned, chance to defeat MR: 31%)
The sixfirhy easily resists.
There is a stone staircase leading down here.
The sixfirhy hits you. The sixfirhy shocks you!
* * * LOW HITPOINT WARNING * * *
You feel much better. The sixfirhy closely misses you. The sixfirhy hits you!
The sixfirhy shocks you!
* * * LOW HITPOINT WARNING * * *
The sixfirhy hits you.
* * * LOW HITPOINT WARNING * * *
The sixfirhy shocks you!
You die...

....#...........#..[..##.##.#
................##.....###...#
....#...........##......#.#..##
........#.....................##
.............))........##.#....#
......#...........).....#......##
.....##.........)..[.#..........#
#....##.......)(..(..#.........#
....#.#.......[3@).[.).[[<.....#
#.##......#......).[..[)[[....##
.##.....#......)......)[[...####
#..............#.........[[#.#.##
..[...........#.................#
............................^..##
#...........#.#.#.#..###.......##
.......##....######.###.........#
#.o..........# ###...###........#


You could see a sixfirhy.

Vanquished Creatures
  An orc warlord (D:12)
  An ogre mage (Orc:1)
  The ghost of VeryBadWizard the Conjurer, a novice DrWz of Ashenzari (D:10)
  3 unseen horrors
  6 hill giants
  An orc knight (Orc:1)
  An orc sorcerer (Orc:1)
  3 ugly things (D:12)
  Psyche (D:11)
  A gargoyle (D:12)
  5 trolls
  6 two-headed ogres
  6 hippogriffs
  Sigmund (D:6)
  A wyvern (D:10)
  11 yaks
  5 hungry ghosts
  A steam dragon (D:9)
  Menkaure (D:6)
  2 mottled dragons
  4 wargs
  A water moccasin (D:10)
  The ghost of Franky the Charlatan, an amateur SpAr (D:4)
  23 orc warriors
  2 sky beasts
  4 phantoms
  An ice beast (D:9)
  13 ogres
  17 centaurs
  A crocodile (D:8)
  5 big kobolds
  12 bullfrogs
  3 gnoll sergeants (D:12)
  A wyvern zombie (D:11)
  3 wyvern skeletons
  6 scorpions
  9 wights
  16 killer bees
  2 howler monkeys (D:12)
  2 bullfrog zombies
  8 crimson imps
  4 centaur zombies
  10 orc priests
  8 hounds
  3 jellies
  3 bullfrog skeletons
  2 centaur skeletons
  5 iguanas
  12 orc wizards
  13 worker ants
  A killer bee zombie (D:9)
  2 hound skeletons
  A hound zombie (D:4)
  A mummy (D:8)
  A howler monkey zombie (D:8)
  Robin (D:3)
  5 gnolls
  A worker ant zombie (D:9)
  10 adders
  A shadow imp (D:9)
  An ooze (D:3)
  4 worms
  2 dart slugs
  10 leopard geckos
  56 orcs
  3 bats (D:3)
  10 giant cockroaches
  22 goblins
  8 hobgoblins
  25 jackals
  11 kobolds
  10 quokkas
  3 ball pythons (Sewer)
  9 frilled lizards
  2 leopard gecko zombies
  2 quokka skeletons
  A quokka zombie (D:6)
  6 rats
  A plant (Sewer)
462 creatures vanquished.

Vanquished Creatures (collateral kills)
  An adder (D:10)
1 creature vanquished.

Vanquished Creatures (others)
  A hound zombie (D:6)
  An adder (D:11)
  A plant (Sewer)
3 creatures vanquished.

Grand Total: 466 creatures vanquished

Notes
Turn   | Place    | Note
-------+----------+-------------------------------------------
     0 | D:1      | greprep the Spriggan Enchanter began the quest for the Orb.
     0 | D:1      | Reached XP level 1. HP: 9/9 MP: 5/5
   136 | D:1      | You fall through a shaft!
   195 | D:2      | Reached XP level 2. HP: 13/13 MP: 4/6
   199 | D:2      | Learned a level 2 spell: Ensorcelled Hibernation
   222 | D:2      | Reached skill level 5 in Stealth
   541 | D:2      | Reached XP level 3. HP: 16/16 MP: 1/8
  1453 | D:3      | Noticed miragecloak's ghost (amateur MfAK)
  1500 | D:3      | Learned a level 3 spell: Confuse
  1981 | D:3      | Noticed Robin
  2398 | D:3      | Killed Robin
  2398 | D:3      | Reached XP level 4. HP: 15/21 MP: 0/9
  2833 | D:3      | Found a faded altar of an unknown god.
  3538 | D:3      | Reached skill level 6 in Stealth
  4091 | D:3      | Reached skill level 1 in Armour
  4091 | D:3      | Reached XP level 5. HP: 23/25 MP: 5/10
  4141 | D:3      | Reached skill level 1 in Ice Magic
  4964 | D:4      | Found a burning altar of Makhleb.
  4995 | D:4      | Noticed Franky's ghost (amateur SpAr)
  5024 | D:4      | Killed Franky's ghost
  5024 | D:4      | Reached skill level 1 in Fighting
  5024 | D:4      | Reached skill level 7 in Stealth
  5024 | D:4      | Reached XP level 6. HP: 24/30 MP: 5/12
  5369 | D:4      | Noticed a hippogriff
  5490 | D:4      | Killed a hippogriff
  5490 | D:4      | Reached skill level 8 in Stealth
  5490 | D:4      | Reached XP level 7. HP: 19/33 MP: 0/14
  5810 | D:4      | Found a stormy altar of Qazlal.
  6038 | D:5      | Entered Level 5 of the Dungeon
  6069 | D:5      | Found a shadowy altar of Dithmenos.
  6286 | D:5      | Noticed a hand axe
  6289 | D:5      | Noticed a dagger
  6290 | D:5      | Found a hide-covered altar of Uskayaw.
  6335 | D:5      | Found a shadowy altar of Dithmenos.
  6512 | D:5      | Found a snail-covered altar of Cheibriados.
  6513 | D:5      | Reached skill level 9 in Stealth
  6990 | D:6      | Reached XP level 8. HP: 39/39 MP: 15/15
  7166 | D:6      | Reached skill level 5 in Hexes
  7229 | D:6      | Noticed Menkaure
  7244 | D:6      | Killed Menkaure
  7319 | D:6      | Found a staircase to the Ecumenical Temple.
  7355 | D:6      | Reached skill level 10 in Stealth
  7644 | D:6      | Found a glowing drain.
  7660 | Sewer    | Entered a sewer
  9008 | D:6      | Found a radiant altar of Vehumet.
  9281 | D:6      | Noticed Sigmund
  9284 | D:6      | Killed Sigmund
  9542 | Temple   | Entered the Ecumenical Temple
  9723 | Temple   | Became a worshipper of Ashenzari the Shackled
 10126 | D:7      | Reached skill level 11 in Stealth
 10126 | D:7      | Reached skill level 5 in Spellcasting
 10126 | D:7      | Reached XP level 9. HP: 44/44 MP: 14/17
 11364 | D:8      | Reached skill level 12 in Stealth
 11521 | D:8      | Reached skill level 5 in Short Blades
 11621 | D:8      | Reached skill level 1 in Shields
 11827 | D:8      | Found a snail-covered altar of Cheibriados.
 12633 | D:9      | Reached * piety under Ashenzari
 12710 | D:9      | Got the cursed robe of the Gloaming {Str+2 Int+3}
 12721 | D:9      | Identified the cursed +1 robe of the Gloaming {Str+2 Int+3} (You found it on level 9 of the Dungeon)
 12861 | D:9      | Reached XP level 10. HP: 49/49 MP: 16/20
 12877 | D:9      | Reached skill level 13 in Stealth
 14105 | D:9      | Reached skill level 14 in Stealth
 14604 | D:10     | Entered Level 10 of the Dungeon
 14606 | D:10     | Noticed a hill giant
 14610 | D:10     | Killed a hill giant
 14628 | D:10     | Noticed VeryBadWizard's ghost (novice DrWz)
 15387 | D:10     | Reached XP level 11. HP: 54/54 MP: 22/22
 15388 | D:10     | Found a staircase to the Lair.
 15426 | D:10     | Noticed a hill giant
 15597 | D:10     | Reached skill level 5 in Dodging
 15669 | D:10     | Identified the amulet "Mioph" {Faith rF++ rC+ Int-5 Dex+4} (You took it off an orc wizard on level 10 of the Dungeon)
 15769 | D:10     | Learned a level 2 spell: Call Imp
 15850 | D:10     | Killed VeryBadWizard's ghost
 15858 | D:10     | Reached skill level 5 in Fighting
 16275 | D:10     | Reached ** piety under Ashenzari
 16763 | D:10     | Killed a hill giant
 16763 | D:10     | Reached skill level 15 in Stealth
 17569 | D:11     | Noticed a hill giant
 17575 | D:11     | Killed a hill giant
 17581 | D:11     | Noticed a hill giant
 17583 | D:11     | Killed a hill giant
 17587 | D:11     | Noticed Psyche
 17589 | D:11     | Noticed a hill giant
 17602 | D:11     | Killed a hill giant
 17610 | D:11     | Killed Psyche
 17610 | D:11     | Reached skill level 5 in Armour
 17746 | D:11     | Noticed a hill giant
 17804 | D:11     | Killed a hill giant
 17980 | D:11     | Noticed an unseen horror
 17989 | D:11     | Killed an unseen horror
 17989 | D:11     | Reached skill level 16 in Stealth
 18289 | D:11     | Reached XP level 12. HP: 60/60 MP: 25/25
 18693 | D:12     | Found a portal to a secret trove of treasure.
 19141 | D:12     | Reached *** piety under Ashenzari
 19582 | D:12     | Reached skill level 17 in Stealth
 19838 | D:12     | Found a staircase to the Orcish Mines.
 20536 | Orc:1    | Entered Level 1 of the Orcish Mines
 20889 | Orc:1    | Noticed an ogre mage
 20918 | Orc:1    | Noticed an orc warlord
 21227 | D:12     | Learned a level 3 spell: Tukima's Dance
 21310 | D:12     | Killed an orc warlord
 22016 | Orc:1    | Learned a level 4 spell: Summon Lightning Spire
 22084 | Orc:1    | Reached skill level 1 in Summonings
 22306 | Orc:1    | Killed an ogre mage
 22310 | Orc:1    | Reached XP level 13. HP: 44/65 MP: 14/27
 22899 | Orc:1    | Mangled by a sixfirhy

Skill      XL: |  1  2  3  4  5  6  7  8  9 10 11 12 13 |
---------------+----------------------------------------+-----
Hexes          | 4 5 6 7 8 9 |  9.1
Stealth        | 5 6 7 8 9 11 12 14 16 17 | 17.8
Spellcasting   | 3 4 5 6 8 9 |  9.3
Armour         | 1 2 3 4 5 6 |  6.0
Ice Magic      | 1 2 3 4 |  4.0
Short Blades   | 2 3 4 5 6 7 8 |  8.4
Fighting       | 1 2 3 4 5 6 |  6.2
Dodging        | 4 5 |  5.6
Shields        | 1 2 3 4 |  4.5
Summonings     | 1 |  1.0

Action                   |  1- 3 |  4- 6 |  7- 9 | 10-12 | 13-15 || total
-------------------------+-------+-------+-------+-------+-------++-------
Melee: Dagger            |   158 |   195 |   537 |   428 |    17 ||  1335
 Cast: Corona            |     2 |     2 |     2 |     1 |       ||     7
       Ensorcelled Hiber |    33 |    48 |   105 |   274 |    22 ||   482
       Confuse           |     8 |     8 |    45 |    68 |     7 ||   136
       Call Imp          |       |       |       |     6 |       ||     6
       Tukima's Dance    |       |       |       |     3 |       ||     3
Invok: Curse Item        |       |       |     2 |     2 |       ||     4
  Use: Potion            |     2 |     1 |       |     7 |     1 ||    11
       Scroll            |       |       |    16 |    16 |       ||    32
 Stab: Sleeping          |    26 |    35 |   100 |   177 |     5 ||   343
       Confused          |     3 |     6 |    22 |    29 |     3 ||    63
       Distracted        |       |     1 |     3 |     9 |     1 ||    14
  Eat: Fruit             |     1 |     1 |       |     1 |       ||     3
       Royal jelly       |     1 |       |       |       |       ||     1
       Bread ration      |       |     1 |     2 |     2 |       ||     5
       Pizza             |       |       |     3 |     1 |       ||     4
Armor: Robe              |    22 |    19 |    12 |     9 |     2 ||    64
       Skin              |       |       |       |    19 |       ||    19
Dodge: Dodged            |   110 |   182 |   138 |   207 |    14 ||   651
Block: Buckler           |       |       |    33 |   162 |    20 ||   215
